 Dungeon Crawl Stone Soup version 0.18.1-48-g4cf74bf (webtiles) character file.

628 atgrul the Geomancer (level 7, -12/37 HPs)
             Began as a Gargoyle Earth Elementalist on July 24, 2016.
             Was an Initiate of Vehumet.
             Mangled by an orc warrior
             ... wielding a +0 long sword
              (14 damage)
             ... on level 6 of the Dungeon.
             The game lasted 00:35:24 (6142 turns).

atgrul the Geomancer (Gargoyle Earth Elementalist)  Turns: 6142, Time: 00:35:24

Health: -12/37     AC:  6    Str: 12    XL:     7   Next: 48%
Magic:  5/10       EV: 12    Int: 17    God:    Vehumet [......]
Gold:   162        SH:  0    Dex: 10    Spells: 3 memorised, 1 level left

rFire  . . .     SeeInvis .     r - +0 dagger (drain)
rCold  . . .     Gourm    .     a - +0 robe
rNeg   + . .     Faith    .     (no shield)
rPois  ∞         Spirit   .     (no helmet)
rElec  +         Dismiss  .     (no cloak)
rCorr  .         Reflect  .     (no gloves)
SustAt +         Harm     .     (no boots)
MR     .....                    (no amulet)
Stlth  ++........               (no ring)
                                o - ring of sustain attributes

@: not resistant to hostile enchantments, unstealthy
A: negative energy resistance 1, electricity resistance, unbreathing,
petrification resistance, rot immunity, AC +4
a: Renounce Religion


You were on level 6 of the Dungeon.
You worshipped Vehumet.
Vehumet was noncommittal.
You were not hungry.

You visited 2 branches of the dungeon, and saw 7 of its levels.

You collected 162 gold pieces.

Inventory:

Hand Weapons
 f - a +0 dagger
 i - a +2 vampiric short sword
 r - a +0 dagger of draining (weapon)
Missiles
 b - 202 stones (quivered) {a}
Armour
 a - a +0 robe (worn)
Jewellery
 o - a ring of sustain attributes (left hand)
Scrolls
 d - a scroll of remove curse
 e - a scroll of fog {unknown}
 g - a scroll of enchant armour {unknown}
 h - 3 scrolls of amnesia
 j - a scroll of immolation {unknown}
 k - a scroll of random uselessness {unknown}
 n - 2 scrolls of recharging {unknown}
 s - a scroll of enchant weapon {unknown}
Potions
 l - a potion of lignification {unknown}
 m - 4 potions of agility
Books
 c - a book of Geomancy

   Spells                             Type                      Level
   a - Sandblast                      Earth                        1
   b - Passwall                       Transmutation/Earth          2
   c - Stone Arrow                    Conjuration/Earth            3
   d - Petrify                        Transmutation/Earth          4
   e - Lee's Rapid Deconstruction     Earth                        5
Comestibles
 q - a beef jerky
 u - a bread ration


   Skills:
 - Level 0.9 Fighting
 - Level 0.1 Short Blades
 - Level 1.5 Dodging
 - Level 2.1 Stealth
 - Level 2.0 Spellcasting
 * Level 2.8 Conjurations
   Level 0.7 Transmutations
 + Level 9.3 Earth Magic


You had one spell level left.
You knew the following spells:

 Your Spells              Type           Power        Failure   Level  Hunger
a - Sandblast             Erth           ####..       1%          1    #......
b - Stone Arrow           Conj/Erth      ###...       6%          3    ###....
c - Lee's Rapid Deconstr  Erth           ####......   14%         5    ######.


Dungeon Overview and Level Annotations

Branches:
Dungeon (5/15)             Temple (1/1) D:5

Altars:
Dithmenos
Elyvilon
Gozag
Makhleb
Qazlal
Trog
Vehumet

Shops:
D:2 *

Annotations:
D:4 exclusion: player ghost, Heedrag's ghost, amateur DECj; Menkaure; Sigmund
D:5 Edmund


Innate Abilities, Weirdness & Mutations

You are resistant to torment.
Your stone body is resilient (AC +4).
You are immune to poison.
You resist negative energy.
You are resistant to electric shocks.
You can survive without breathing.
You are immune to petrification.
You are immune to rotting.


Message History

Casting: Stone Arrow
Confirm with . or Enter, or press ? or * to list all spells.
Aiming: Sandblast
Press: ? - help, Shift-Dir - straight line, f/p - ogre
Aim: an ogre, wielding a giant spiked club (heavily wounded)
The blast of sand hits the ogre.
The ogre is severely wounded.
You hear some strange, mumbled words.
A puff of flame appears from out of thin air!
The puff of flame hits you!
* * * LOW HITPOINT WARNING * * *
The orc warrior closely misses you.
The ogre hits you with a giant spiked club.
* * * LOW HITPOINT WARNING * * *
The orc hits you but does no damage.
As you read the scroll labeled PIHUAJ FULL, it crumbles to dust.
You feel blessed for a moment.
It was a scroll of remove curse.
Something hits you but does no damage.
The orc warrior hits you with a long sword!
You die...

####
....#
###....#
#.o.o..+
#@#.$..##
#Oo.....#
#.#####.#
#.# # #>.
####


You could see an orc warrior, an ogre and 2 orcs.

Vanquished Creatures
  A centaur (D:5)
  2 hounds
  A centaur skeleton (D:5)
  A giant frog skeleton (D:5)
  An iguana (D:4)
  Ijyb (D:2)
  3 orc wizards
  5 worker ants
  A hound skeleton (D:4)
  Robin (D:2)
  3 oozes
  An adder skeleton (D:4)
  A worm (D:3)
  2 dart slugs
  4 giant geckos
  18 orcs
  4 giant cockroaches
  15 goblins
  5 hobgoblins
  7 jackals
  8 kobolds
  2 quokkas (D:4)
  4 ball pythons
  13 bats
  3 giant newts (D:1)
  A jackal skeleton (D:5)
  A jackal zombie (D:5)
  A quokka skeleton (D:4)
  4 rats
114 creatures vanquished.

Notes
Turn   | Place    | Note
--------------------------------------------------------------
     0 | D:1      | atgrul the Gargoyle Earth Elementalist began the quest for the Orb.
     0 | D:1      | Reached XP level 1. HP: 10/10 MP: 3/3
   109 | D:1      | Reached skill level 4 in Earth Magic
   149 | D:1      | Reached XP level 2. HP: 15/15 MP: 3/5
   578 | D:1      | Reached skill level 5 in Earth Magic
   578 | D:1      | Reached XP level 3. HP: 9/19 MP: 0/6
  1528 | D:2      | Found a white marble altar of Elyvilon.
  1680 | D:2      | Reached XP level 4. HP: 24/24 MP: 2/7
  1684 | D:2      | Noticed Ijyb
  1814 | D:2      | Killed Ijyb
  1814 | D:2      | Reached skill level 6 in Earth Magic
  1935 | D:2      | Found an opulent altar of Gozag.
  1943 | D:2      | Found a stormy altar of Qazlal.
  1975 | D:2      | Noticed Robin
  2032 | D:2      | Killed Robin
  2060 | D:2      | Found Gozag's Platinum Reserve.
  2136 | D:3      | Learned a level 3 spell: Stone Arrow
  2332 | D:3      | Reached XP level 5. HP: 22/28 MP: 4/8
  2855 | D:3      | Found a burning altar of Makhleb.
  3524 | D:4      | Reached skill level 1 in Conjurations
  3524 | D:4      | Reached skill level 7 in Earth Magic
  3680 | D:4      | Reached XP level 6. HP: 33/33 MP: 7/9
  4134 | D:4      | Learned a level 5 spell: Lee's Rapid Deconstruction
  4172 | D:4      | Reached skill level 8 in Earth Magic
  4195 | D:4      | Noticed Sigmund
  4221 | D:4      | Noticed Menkaure
  4636 | D:5      | Entered Level 5 of the Dungeon
  4692 | D:5      | Noticed Edmund
  4753 | D:4      | Noticed Heedrag's ghost (amateur DECj)
  5081 | D:5      | Reached XP level 7. HP: 10/37 MP: 3/10
  5750 | D:5      | Reached skill level 9 in Earth Magic
  5893 | D:5      | Found a shadowy altar of Dithmenos.
  5920 | D:5      | Found a bloodstained altar of Trog.
  5960 | D:5      | Found a staircase to the Ecumenical Temple.
  5966 | Temple   | Entered the Ecumenical Temple
  5986 | Temple   | Became a worshipper of Vehumet
  6130 | D:5      | You fall through a shaft!
  6142 | D:6      | Mangled by an orc warrior

Skill      XL: |  1  2  3  4  5  6  7 |
---------------+----------------------+-----
Earth Magic    | 4 5 6 7 8 9 |  9.3
Conjurations   | 1 2 |  2.8
Fighting       | |  0.9
Short Blades   | |  0.1
Dodging        | |  1.5
Stealth        | |  2.1
Spellcasting   | |  2.0
Transmutations | |  0.7

Action                   |  1- 3 |  4- 6 |  7- 9 || total
-------------------------+-------+-------+-------++-------
Melee: Dagger            |    37 |   172 |    56 ||   265
Throw: Stone             |       |     4 |       ||     4
 Cast: Sandblast         |    63 |   128 |    23 ||   214
       Stone Arrow       |       |     7 |     1 ||     8
       Lee's Rapid Decon |       |     1 |       ||     1
  Use: Scroll            |       |     5 |     1 ||     6
       Potion            |       |     2 |     1 ||     3
  Eat: Chunk             |     3 |     4 |     1 ||     8
       Bread ration      |       |     1 |       ||     1
       Fruit             |       |     3 |       ||     3
       Meat ration       |       |     1 |       ||     1
       Pizza             |       |       |     1 ||     1
Armor: Robe              |    32 |    96 |    23 ||   151
Dodge: Dodged            |    53 |   181 |    39 ||   273
